 Dungeon Sprint DCSS version 0.30-a0-137-gd8773701ce (webtiles) character file.

Game seed: 299788573103604961

79 Pilot the Ducker (level 4, -6/45 HPs)
             Began as a Troll Gladiator on Sept 22, 2022.
             Was an Initiate of Gozag.
             Shot with a bolt by an orc warrior (13 damage)
             ... in the Dungeon (Sprint VII: "The Pits").
             The game lasted 00:02:55 (169 turns).

Pilot the Ducker (Troll Gladiator)                   Turns: 169, Time: 00:02:56

Health: -6/45      AC:  4    Str: 24    XL:     4   Next: 16%
Magic:  3/3        EV: 11    Int:  4    God:    Gozag
Gold:   324        SH:  0    Dex: 11    Spells: 3/3 levels left

rFire   . . .      SeeInvis .    k - +2 mace
rCold   . . .      Faith    .    (no shield)
rNeg    . . .      Spirit   .    a - +0 robe
rPois   .          Reflect  .    b - +0 hat
rElec   .          Harm     .    (no cloak)
rCorr   .          Rampage  .    (gloves unavailable)
Will    .....      NoTele   +    (boots unavailable)
Stlth   +.........               (no amulet)
HPRegen 0.95/turn                (no ring)
MPRegen 0.08/turn                (no ring)

@: confused, gold aura
A: large, unfitting armour, claws 3, regeneration 1, shaggy fur 1, tough skin 1
a: Renounce Religion, Potion Petition, Call Merchant, Bribe Branch


You were in the Dungeon.
You worshipped Gozag.
Gozag was aware of your devotion.
You visited 1 branch You collected 324 gold pieces.

Inventory:

Hand Weapons
 k - a +2 mace (weapon)
Missiles
 c - 3 throwing nets (quivered)
 d - a large rock
 m - 10 stones
Armour
 a - a +0 robe (worn)
 b - a +0 hat (worn)
Scrolls
 j - a scroll of blinking
 n - 5 scrolls of amnesia
 o - a scroll of summoning
 p - 2 scrolls of vulnerability
Potions
 f - a potion of heal wounds
 g - a potion of haste
 h - 4 potions of magic
 i - 3 potions of berserk rage
 l - 2 potions of invisibility


   Skills:
 + Level 3.4 Fighting
 + Level 3.3 Maces & Flails
 - Level 1.7 Throwing
 + Level 5.3 Dodging
 + Level 1.0 Stealth
 - Level 3.0 Unarmed Combat


You had 3 spell levels left.
You didn't know any spells.
Your spell library was empty.

Dungeon Overview and Level Annotations

Branches:
Dungeon (1/1)

Altars:
Ashenzari
Cheibriados
Dithmenos
Elyvilon
Fedhas
Gozag
Hepliaklqana
Kikubaaqudgha
Makhleb
Nemelex Xobeh
Okawaru
Qazlal
Ru
Sif Muna
Trog
Uskayaw
Vehumet
Wu Jian
Xom
Yredelemnul
Zin
The Shining One
Jiyva
Lugonu


Innate Abilities, Weirdness & Mutations

You are too large for most types of armour.
You have claws for hands.
Your natural rate of healing is unusually fast.
You are covered in fur. (AC +1)
You have tough skin. (AC +1)


Message History

The orc wizard gestures at you while chanting.
You are confused.
The orc closely misses you.
You bump into the metal wall.
The orc priest mumbles some strange prayers to Beogh against you.
Beogh smites you!
The orc hits you from afar with a +0 trident.
The orc wizard hits you with a +0 dagger.
* * * LOW HITPOINT WARNING * * *
You miss the orc wizard.
The orc wizard is heavily wounded.
The orc hits you from afar with a +0 trident.
* * * LOW HITPOINT WARNING * * *
The orc wizard hits you with a +0 dagger.
* * * LOW HITPOINT WARNING * * *
The orc wizard gestures at you while chanting.
You are more confused.
You bump into the metal wall.
The orc wizard casts a spell.
The orc wizard flickers and vanishes!
Deactivating autopickup; reactivate with Ctrl-A.
The orc wizard mumbles some strange words.
The orc wizard flickers and vanishes!
The orc warrior unwields a +0 battleaxe.
The orc warrior wields a +0 arbalest.
The orc warrior shoots a bolt.
Reactivating autopickup.
You feel a bit more experienced.
The orc priest begins to cast a cantrip, but forgets the words!
The orc wizard shouts!
Your Stealth skill increases to level 1!
You have reached level 4!
The orc warrior shoots a bolt.
The bolt hits you!
* * * LOW HITPOINT WARNING * * *
You bump into the metal wall.
The orc warrior shoots a bolt.
The bolt barely misses you.
The orc warrior shoots a bolt.
The bolt closely misses you.
The orc warrior shoots a bolt.
The bolt barely misses you.
You bump into the metal wall.
The orc warrior shoots a bolt.
The bolt hits you!
You die...
Your body crumbles into a pile of gold.

#_______...#######
##########'##.....
#....')))'.##.....
##########.##.....
#..........†'.....
#'#####'#####.....
#.#.....# #.....
#.#.....# ####'#
#@###'### #.....
#.#.....# #.....
#.#.....# #.....
#.####'## #...<.
#$#.5....ZK##.....
#.#........##.....
#o###########.....


#oo ###### #oo. You could see 2 orc warriors and an orc.

Vanquished Creatures
  A scorpion (D)
  An adder skeleton (D)
  An endoplasm (D)
  A giant cockroach (D)
  A quokka (D)
  A frilled lizard (D)
  A rat (D)
7 creatures vanquished.

Vanquished Creatures (others)
  An orc wizard (D)
1 creature vanquished.

Grand Total: 8 creatures vanquished

Notes
Turn   | Place    | Note
-------+----------+-------------------------------------------
     0 | D        | Pilot the Troll Gladiator began the quest for the Orb.
     0 | D        | Reached XP level 1. HP: 19/19 MP: 0/0
    41 | D        | Found a bloodstained altar of Trog.
    41 | D        | Found a shimmering blue altar of Sif Muna.
    41 | D        | Found a viscous altar of Jiyva.
    41 | D        | Found a hazy altar of Hepliaklqana.
    41 | D        | Found an opulent altar of Gozag.
    42 | D        | Found a glowing golden altar of the Shining One.
    42 | D        | Found a glowing silver altar of Zin.
    42 | D        | Found a basalt altar of Yredelemnul.
    42 | D        | Found a shimmering altar of Xom.
    42 | D        | Found an ornate altar of the Wu Jian Council.
    42 | D        | Found a sacrificial altar of Ru.
    42 | D        | Found a stormy altar of Qazlal.
    42 | D        | Found an iron altar of Okawaru.
    42 | D        | Found a sparkling altar of Nemelex Xobeh.
    42 | D        | Found a burning altar of Makhleb.
    42 | D        | Found a blossoming altar of Fedhas.
    42 | D        | Found a white marble altar of Elyvilon.
    42 | D        | Found a shadowy altar of Dithmenos.
    42 | D        | Found a snail-covered altar of Cheibriados.
    44 | D        | Found a corrupted altar of Lugonu.
    44 | D        | Found a radiant altar of Vehumet.
    45 | D        | Found a broken altar of Ashenzari.
    45 | D        | Found an ancient bone altar of Kikubaaqudgha.
    45 | D        | Found a hide-covered altar of Uskayaw.
    47 | D        | Became a worshipper of Gozag Ym Sagoz the Greedy
   101 | D        | Reached skill level 3 in Dodging
   121 | D        | Noticed a kobold brigand
   121 | D        | Noticed a scorpion
   135 | D        | Killed a scorpion
   136 | D        | Reached skill level 5 in Dodging
   136 | D        | Reached XP level 2. HP: 26/31 MP: 1/1
   136 | D        | Reached XP level 3. HP: 31/37 MP: 2/2
   155 | D        | Noticed an orc warrior
   155 | D        | Noticed an orc warrior
   165 | D        | Reached skill level 1 in Stealth
   165 | D        | Reached XP level 4. HP: 10/45 MP: 3/3
   169 | D        | Shot with a bolt by an orc warrior

Illustrated notes

Levels and vault maps discovered:
D:        pitsprint [storerooms_1, entrance_room_1, metal_vault_8, armoury_2,
          mini_pit_1, grid_room_1, main_hall_1, silver_pit, the_coven_3,
          the_vestibule_1, steel_vault_3, golden_pit, hallway_of_sentries,
          crystal_vault_2, iron_vault_4, final_vault]

Skill      XL: |  1  2  3 |
---------------+----------+-----
Fighting       | 3 |  3.4
Dodging        | 5 |  5.3
Maces & Flails | 2 3 |  3.3
Stealth        | 1 |  1.0
Throwing       | |  1.7
Unarmed Combat | |  3.0

Action                   |  1- 3 |  4- 6 || total
-------------------------+-------+-------++-------
Melee: Mace              |    19 |       ||    19
       Unarmed           |     2 |       ||     2
  Use: Potion            |     1 |       ||     1
 Stab: Sleeping          |     1 |       ||     1
Armor: Robe              |     8 |       ||     8
Dodge: Dodged            |    13 |     3 ||    16

Table legend: (Time is in decaauts)
 A = Elapsed time spent in this place.
 B = Non-inter-level travel time spent in this place.
 C = Inter-level travel time spent in this place.
 D = Time resting spent in this place.
 E = Time spent auto-exploring this place.
 F = Levels seen in this place.
 G = Mean time per level.
                   A        B        C        D        E       F      G
               +--------+--------+--------+--------+--------+-----+--------+
         Total |    175 |     80 |     95 |      0 |      0 |   1 |  175.0 |
       Dungeon |    175 |     80 |     95 |      0 |      0 |   1 |  175.0 |
               +--------+--------+--------+--------+--------+-----+--------+

Top non-repeatable levels by time:
       D: 175 daAuts
